 Dungeon Sprint DCSS version 0.23.2-1-ga50397a (webtiles) character file.

Game seed: 10578029851803047291

53251 wilfster70 the Warrior (level 14, -4/146 HPs)
             Began as a Minotaur Monk on May 23, 2019.
             Was the Champion of Cheibriados.
             Slain by Debyed the pandemonium lord (36 damage)
             ... in the Dungeon (Sprint V: "Ziggurat Sprint").
             The game lasted 00:12:27 (1079 turns).

wilfster70 the Warrior (Minotaur Monk)              Turns: 1079, Time: 00:12:27

Health: -4/146     AC: 31    Str: 33    XL:     14   Next: 30%
Magic:  1/22       EV: 21    Int: 30    God:    Cheibriados [******]
Gold:   0          SH: 35    Dex: 27    Spells: 10/13 levels left

rFire    + + .     SeeInvis +   a - +9 lance "Wyrmbane" {slay drac, rPois rF+ rC+ AC+3}
rCold    + + +     Gourm    .   w - +18 shield of the Gong {rElec rN+ MR+ EV-5}
rNeg     + + .     Faith    .   y - +7 gold dragon scales "Qaedd" {+Fly rPois rF+ rC+ MR++ Str+2 Dex-4}
rPois    +         Spirit   .   (helmet restricted)
rElec    +         Reflect  .   (no cloak)
rCorr    .         Harm     .   (no gloves)
MR       ++++.     NoTele   +   (no boots)
Stlth    ..........             z - amulet "Ritsec" {RegenMP rN+ SInv}
HPRegen  0.34/turn              F - ring of the Endless Demons {rF+ EV+4}
MPRegen  0.43/turn              C - ring of Jylyin {Ice Int+4 Slay+3}

@: very slow
A: retaliatory headbutt, horns 2, agile 1
a: Bend Time, Temporal Distortion, Slouch, Step From Time, Renounce Religion,
Evoke Flight


You were in the Dungeon.
You worshipped Cheibriados.
Cheibriados was exalted by your worship.
You were not hungry.

You visited 1 branch

Inventory:

Hand Weapons
 a - the +9 lance "Wyrmbane" (weapon) {slay drac, rPois rF+ rC+ AC+3}
   (You found it in the Dungeon)

   It affects your AC (+3).
   It protects you from fire.
   It protects you from cold.
   It protects you from poison.
Armour
 w - the +18 shield of the Gong (worn) {rElec rN+ MR+ EV-5}
   (You found it in the Dungeon)

   It affects your evasion (-5).
   It insulates you from electricity.
   It protects you from negative energy.
   It affects your resistance to hostile enchantments.
 y - the +7 gold dragon scales "Qaedd" (worn) {+Fly rPois rF+ rC+ MR++ Str+2 Dex-4}
   (You found it in the Dungeon)

   It affects your strength (+2).
   It affects your dexterity (-4).
   It protects you from fire.
   It protects you from cold.
   It protects you from poison.
   It affects your resistance to hostile enchantments.
   It lets you fly.
Jewellery
 d - the ring "Qumes" {rC+ SInv}
   (You found it in the Dungeon)

   [ring of see invisible]

   It protects you from cold.
   It lets you see invisible.
 f - the ring of Vidum {+Blink rC+ Int-2 Slay+4}
   (You found it in the Dungeon)

   [ring of protection from cold]

   It affects your intelligence (-2).
   It affects your accuracy and damage with ranged weapons and melee attacks
   (+4).
   It protects you from cold.
   It lets you blink.
 z - the amulet "Ritsec" (around neck) {RegenMP rN+ SInv}
   (You found it in the Dungeon)

   [amulet of magic regeneration]

   It increases your magic regeneration.
   It protects you from negative energy.
   It lets you see invisible.
 C - the ring of Jylyin (right hand) {Ice Int+4 Slay+3}
   (You found it in the Dungeon)

   [ring of ice]

   It enhances your ice magic.
   It affects your intelligence (+4).
   It affects your accuracy and damage with ranged weapons and melee attacks
   (+3).
   It makes you vulnerable to fire.
   It protects you from cold.
 D - a ring of the Octopus King {rN+ AC+1 EV+1 Str+1 Int+1 Dex+1}
   (You found it in the Dungeon)

   [ring of positive energy]

   It affects your AC (+1).
   It affects your evasion (+1).
   It affects your strength (+1).
   It affects your intelligence (+1).
   It affects your dexterity (+1).
   It protects you from negative energy.
 E - the ring "Xuinai" {Wiz rC+ rN+ Str-3}
   (You found it in the Dungeon)

   [ring of wizardry]

   It improves your spell success rate.
   It affects your strength (-3).
   It protects you from cold.
   It protects you from negative energy.
 F - the ring of the Endless Demons (left hand) {rF+ EV+4}
   (You found it in the Dungeon)

   [ring of evasion]

   It affects your evasion (+4).
   It protects you from fire.
Wands
 t - a wand of disintegration (7)
 u - a wand of iceblast (7)
 v - a wand of acid (7)
Scrolls
 i - 4 scrolls of blinking
 n - 4 scrolls of amnesia
 o - 7 scrolls of fog
 p - a scroll of holy word
 q - 5 scrolls of identify
 r - 5 scrolls of remove curse
 s - 2 scrolls of fear
 x - 4 scrolls of brand weapon
Potions
 b - 2 potions of brilliance
 e - 6 potions of heal wounds
 g - 7 potions of magic
 h - 2 potions of invisibility
 j - 4 potions of resistance
 l - 7 potions of agility
 m - 5 potions of might
Miscellaneous
 B - 2 phantom mirrors
Comestibles
 c - a ration


   Skills:
 + Level 19.1 Fighting
   Level 3.6(8.5) Axes
 - Level 11.8(12.0) Polearms
 + Level 18.1 Armour
 + Level 17.8 Dodging
 - Level 4.8 Stealth
 - Level 15.0 Shields
 - Level 7.2 Invocations
 + Level 12.0 Evocations


You had 10 spell levels left.
You knew the following spells:

 Your Spells              Type           Power        Failure   Level  Hunger
a - Regeneration          Chrm/Necr      #.........   95%         3    ####...

Your spell library contained the following spells:

 Spells                   Type           Power        Failure   Level  Hunger
 Animate Skeleton         Necr           N/A          67%         1    ##.....
 Confusing Touch          Hex            #.....       67%         1    ##.....
 Corona                   Hex            #......      67%         1    ##.....
 Flame Tongue             Conj/Fire      #....        67%         1    ##.....
 Pain                     Necr           #...         67%         1    ##.....
 Sting                    Conj/Pois      #...         67%         1    ##.....
 Summon Butterflies       Summ           #.......     67%         1    ##.....
 Ensorcelled Hibernation  Hex/Ice        #.....       80%         2    ###....
 Poisonous Vapours        Pois/Air       #.....       80%         2    ###....
 Sublimation of Blood     Necr           #.........   80%         2    ###....
 Call Canine Familiar     Summ           #.......     95%         3    ####...
 Confuse                  Hex            #.......     95%         3    ####...
 Dazzling Spray           Conj/Hex       #.....       95%         3    ####...
 Gell's Gravitas          Tloc           #.........   95%         3    ####...
 Ignite Poison            Fire/Tmut/Pois #.......     95%         3    ####...
 Mephitic Cloud           Conj/Pois/Air  #.......     95%         3    ####...
 Tukima's Dance           Hex            #.......     95%         3    ####...
 Vampiric Draining        Necr           #.........   95%         3    ####...
 Animate Dead             Necr           N/A          100%        4    #####..
 Cause Fear               Hex            #.........   100%        4    #####..
 Olgreb's Toxic Radiance  Pois           #.......     100%        4    #####..
 Petrify                  Tmut/Erth      #.......     100%        4    #####..
 Summon Ice Beast         Ice/Summ       #.......     100%        4    #####..
 Alistair's Intoxication  Tmut/Pois      #.......     100%        5    ######.
 Irradiate                Conj/Tmut      #.........   100%        5    ######.
 Metabolic Englaciation   Hex/Ice        #.........   100%        5    ######.
 Summon Mana Viper        Hex/Summ       #.......     100%        5    ######.
 Venom Bolt               Conj/Pois      #.........   100%        5    ######.
 Yara's Violent Unravell  Hex/Tmut       #.........   100%        5    ######.
 Bolt of Fire             Conj/Fire      #.........   100%        6    #######
 Hydra Form               Tmut           #.........   100%        6    #######
 Statue Form              Tmut/Erth      #........    100%        6    #######
 Dragon Form              Tmut           #.........   100%        7    #######
 Haunt                    Necr/Summ      #.........   100%        7    #######
 Summon Hydra             Summ           #.........   100%        7    #######
 Borgnjor's Revivificati  Necr           #.........   100%        8    #######
 Death's Door             Chrm/Necr      #.........   100%        8    #######
 Infestation              Necr           #.........   100%        8    #######
 Necromutation            Tmut/Necr      #.........   100%        8    #######
 Dragon's Call            Summ           #.........   100%        9    #######


Dungeon Overview and Level Annotations

Branches:
Dungeon (1/1)

Altars:
Ashenzari
Cheibriados
Dithmenos
Elyvilon
Fedhas
Gozag
Hepliaklqana
Kikubaaqudgha
Makhleb
Nemelex Xobeh
Okawaru
Qazlal
Ru
Sif Muna
Trog
Uskayaw
Vehumet
Wu Jian
Xom
Yredelemnul
Zin
The Shining One
Beogh
Jiyva
Lugonu


Innate Abilities, Weirdness & Mutations

You reflexively headbutt those who attack you in melee.
You have a pair of horns on your head.
You are agile. (Dex +2)


Message History

Viclirph gestures.
You block Debyed's attack.
BONNNG!
You block Ikixuzy's attack.
SHROANNG!
The orange demon stings you but does no damage.
The orange demon completely misses you. The Ice Fiend claws you!
* * * LOW HITPOINT WARNING * * *
The Ice Fiend freezes you! You resist.
* * * LOW HITPOINT WARNING * * *
The Ice Fiend closely misses you.
You feel much better. You block Debyed's attack.
PTOANNNG!
You block the lorocyproca's attack.
GONNNNG!
Ikixuzy gestures.
Viclirph gestures.
You block the reaper's attack.
PTOANNNG!
Debyed hits you!!!
You die...

▓.[.[[=.)=
▓..|?}:|)}|[..▓......)..
▓..?):=[))§"..▓.....)..)
▓........*....▓..)...)..
▓.......│.....▓.....))..
▓.......w.....▓..▓.)(..▓
▓....4.32.2...▓.▓▓▓.(.▓▓
▓.....2&&.....▓..▓..(..▓
..▓.1&@1..▓..▓.....©...
▓ ▓.▓..14.▓.▓ ▓▓▓▓▓▓▓▓▓▓
▓..▓...4...▓..▓....8©8..
▓.............▓..}=.)=})
▓......©......▓...)||}).
▓▓▓▓▓▓▓▓▓▓▓▓▓▓▓.........
▓......... ▓.........
▓....††...


You could see Debyed, Ikixuzy, Viclirph, an eldritch tentacle, 2 Tzitzimimeh, an
Ice Fiend, 2 lorocyprocas, a reaper, a soul eater, an orange demon and 2 chaos
spawn.

Vanquished Creatures
  A shadow dragon (D)
  An orc warlord (D)
  A ghost moth (shapeshifter) (D)
  2 ghouls (D)
  5 very ugly things (D)
  A stone giant (D)
  3 vampire knights (D)
  An orc high priest (D)
  2 sun demons (D)
  A soul eater (D)
  4 necromancers (D)
  A wolf spider (D)
  2 orc knights (D)
  2 orc sorcerers (D)
  A shining eye (D)
  4 ugly things (D)
  A moth of wrath (D)
  A rust devil (D)
  A black mamba (D)
  A black mamba (shapeshifter) (D)
  A torpor snail (D)
  2 orange demons (D)
  3 demonic crawlers (D)
  An ice devil (D)
  A troll (shapeshifter) (D)
  3 trolls (D)
  4 hornets (D)
  3 redbacks (D)
  A shadow (D)
  A tarantella (D)
  2 ynoxinuls (D)
  A human (shapeshifter) (D)
  2 chaos spawn (D)
  A warg (D)
  An acid dragon (shapeshifter) (D)
  5 hell hounds (D)
  2 water moccasins (D)
  8 orc warriors (D)
  2 phantoms (D)
  A necrophage (D)
  5 ogres (D)
  5 scorpions (D)
  2 wights (D)
  A crimson imp (D)
  5 orc priests (D)
  6 orc wizards (D)
  4 adders (D)
  3 white imps (D)
  3 ufetubi (D)
  5 adder skeletons (D)
  2 adder zombies (D)
  3 orcs (D)
  2 bat skeletons (D)
  4 bat zombies (D)
  A ball python (D)
  2 ball python zombies (D)
  2 giant cockroach zombies (D)
  A leopard gecko skeleton (D)
  A leopard gecko zombie (D)
  A spectral ball python (D)
139 creatures vanquished.

Vanquished Creatures (others)
  An ufetubus (D)
1 creature vanquished.

Grand Total: 140 creatures vanquished

Notes
Turn   | Place    | Note
-------+----------+-------------------------------------------
     0 | D        | Found the +6 Majin-Bo {vamp, Archmagi MP+6 Int+6}
     0 | D        | Found the +7 great mace "Firestarter" {inner flame, rF++}
     0 | D        | wilfster70 the Minotaur Monk began the quest for the Orb.
     0 | D        | Reached XP level 1. HP: 19/19 MP: 0/0
     6 | D        | Found a blossoming altar of Fedhas.
     7 | D        | Found a hazy altar of Hepliaklqana.
     7 | D        | Found an opulent altar of Gozag.
     7 | D        | Found a viscous altar of Jiyva.
     7 | D        | Found a transporter.
     7 | D        | Found an ancient bone altar of Kikubaaqudgha.
    10 | D        | Became a worshipper of Cheibriados the Contemplative
    10 | D        | Reached * piety under Cheibriados
    10 | D        | Reached ** piety under Cheibriados
    29 | D        | Found a corrupted altar of Lugonu.
    30 | D        | Found a burning altar of Makhleb.
    31 | D        | Found a deep blue altar of Sif Muna.
    31 | D        | Found a sacrificial altar of Ru.
    31 | D        | Found a bloodstained altar of Trog.
    31 | D        | Found a stormy altar of Qazlal.
    31 | D        | Found an iron altar of Okawaru.
    31 | D        | Found a sparkling altar of Nemelex Xobeh.
    57 | D        | Found the +9 heavy crossbow "Sniper" {velocity, Acc+∞ SInv}
    57 | D        | Found the +10 dark maul {crush}
    57 | D        | Found the +15 Maxwell's patent armour {-Cast -Tele rElec
                  | MR+ rCorr}
    57 | D        | Found the +18 shield of the Gong {rElec rN+ MR+ EV-5}
    57 | D        | Found the cursed +14 obsidian axe {chop, +Fly SInv *Curse}
    58 | D        | Found the +6 shillelagh "Devastator" {shatter}
    58 | D        | Found the +11 plutonium sword {*Contam Stlth-}
    58 | D        | Found the +8 lance "Wyrmbane" {slay drac, rPois rF+ rC+
                  | AC+3}
    58 | D        | Found the +9 sword of Zonguldrok {reap}
    58 | D        | Found the cursed +13 scythe of Curses {drain, *Curse}
    58 | D        | Found the +0 sword of Power
    58 | D        | Found the +7 mace of Variability {chain chaos}
    58 | D        | Found the +7 Singing Sword {slice, sonic wave}
    58 | D        | Found the +7 longbow "Piercer" {penet, EV-2}
    75 | D        | Entered arena 2.
    75 | D        | Noticed a phantom
    75 | D        | Found a transporter.
    86 | D        | Killed a phantom
    86 | D        | Reached skill level 7 in Fighting
    86 | D        | Reached XP level 2. HP: 28/34 MP: 1/1
    86 | D        | Reached XP level 3. HP: 32/39 MP: 2/2
    86 | D        | Reached XP level 4. HP: 39/47 MP: 3/3
   136 | D        | Entered arena 3.
   136 | D        | Found a transporter.
   140 | D        | Reached *** piety under Cheibriados
   140 | D        | Reached skill level 1 in Polearms
   140 | D        | Reached skill level 1 in Armour
   140 | D        | Reached skill level 1 in Shields
   150 | D        | Reached XP level 5. HP: 52/52 MP: 4/4
   152 | D        | Entered arena 4.
   152 | D        | Found a transporter.
   158 | D        | Reached **** piety under Cheibriados
   162 | D        | Reached ***** piety under Cheibriados
   162 | D        | Reached skill level 8 in Fighting
   162 | D        | Reached skill level 1 in Invocations
   170 | D        | Got the cursed +0 scimitar "Goblinslayer" {flame, rElec MR+
                  | Int+3 Dex-4}
   172 | D        | Entered arena 5.
   172 | D        | Noticed a hell hound
   172 | D        | Noticed a hell hound
   172 | D        | Found a transporter.
   175 | D        | Killed a hell hound
   176 | D        | Reached XP level 6. HP: 62/62 MP: 5/7
   178 | D        | Killed a hell hound
   178 | D        | Reached skill level 9 in Fighting
   178 | D        | Reached skill level 5 in Polearms
   178 | D        | Reached skill level 5 in Armour
   178 | D        | Reached skill level 5 in Shields
   187 | D        | Got the ring of the Sun {Fire Stlth+}
   199 | D        | Entered arena 6.
   199 | D        | Found a transporter.
   203 | D        | Reached ****** piety under Cheibriados
   203 | D        | Reached XP level 7. HP: 70/70 MP: 9/9
   207 | D        | Reached skill level 5 in Invocations
   212 | D        | Got the amulet "Ritsec" {RegenMP rN+ SInv}
   218 | D        | Entered arena 7.
   226 | D        | Reached skill level 10 in Fighting
   233 | D        | Found a transporter.
   248 | D        | Got the ring "Voss" {Wiz Dex+4}
   254 | D        | Entered arena 8.
   255 | D        | Found the ring of the Octopus King {rN+ AC+1 EV+1 Str+1
                  | Int+1 Dex+1}
   255 | D        | Found a transporter.
   275 | D        | Got a ring of the Octopus King {rN+ AC+1 EV+1 Str+1 Int+1
                  | Dex+1}
   281 | D        | Entered arena 9.
   282 | D        | Found a transporter.
   285 | D        | Reached XP level 8. HP: 80/80 MP: 11/11
   300 | D        | Got the ring of Urasyes {Int+2 SInv}
   314 | D        | Entered arena 10.
   314 | D        | Noticed a black mamba
   315 | D        | Found a transporter.
   317 | D        | Killed a black mamba
   317 | D        | Reached skill level 10 in Dodging
   322 | D        | Reached skill level 11 in Fighting
   334 | D        | Got the ring "Qumes" {rC+ SInv}
   347 | D        | Entered arena 11.
   348 | D        | Identified the +9 shortbow of the Everdark {freeze, rElec
                  | Str+4 Dex-5}
   348 | D        | Found a transporter.
   363 | D        | Reached XP level 9. HP: 83/89 MP: 13/13
   393 | D        | Entered arena 12.
   393 | D        | Noticed a ghoul
   393 | D        | Noticed a soul eater
   394 | D        | Noticed a shadow dragon
   409 | D        | Killed a ghoul
   409 | D        | Reached skill level 12 in Fighting
   409 | D        | Reached skill level 10 in Polearms
   409 | D        | Reached skill level 10 in Armour
   409 | D        | Reached skill level 10 in Shields
   410 | D        | Found a transporter.
   415 | D        | Killed a soul eater
   424 | D        | Killed a shadow dragon
   424 | D        | Reached skill level 13 in Fighting
   424 | D        | Reached XP level 10. HP: 89/101 MP: 14/14
   448 | D        | Entered arena 13.
   448 | D        | Noticed a necromancer
   448 | D        | Noticed a necromancer
   448 | D        | Noticed a ghoul
   449 | D        | Noticed a vampire knight
   449 | D        | Noticed a necromancer
   450 | D        | Noticed a vampire knight
   450 | D        | Noticed a necromancer
   450 | D        | Noticed a vampire knight
   460 | D        | Killed a necromancer
   460 | D        | Reached skill level 1 in Evocations
   466 | D        | Killed a necromancer
   466 | D        | Killed a necromancer
   473 | D        | Killed a vampire knight
   473 | D        | Reached skill level 14 in Fighting
   478 | D        | Killed a vampire knight
   478 | D        | Reached XP level 11. HP: 34/111 MP: 9/15
   485 | D        | Killed a vampire knight
   485 | D        | Reached skill level 5 in Evocations
   492 | D        | Killed a ghoul
   492 | D        | Reached skill level 15 in Fighting
   499 | D        | Killed a necromancer
   504 | D        | Found a transporter.
   510 | D        | Got the ring of the Endless Demons {rF+ EV+4}
   520 | D        | Learned a level 3 spell: Regeneration
   738 | D        | Entered arena 14.
   739 | D        | Noticed a wolf spider
   742 | D        | Killed a wolf spider
   746 | D        | Found a transporter.
   765 | D        | Got the ring "Xuinai" {Wiz rC+ rN+ Str-3}
   770 | D        | Got the +0 falchion "Newtslayer" {flame, Str+2}
   774 | D        | Got the ring "Axzuic" {MP+9 Stlth+}
   777 | D        | Entered arena 15.
   778 | D        | Noticed a stone giant
   782 | D        | Found a transporter.
   786 | D        | Killed a stone giant
   786 | D        | Reached skill level 16 in Fighting
   786 | D        | Reached skill level 15 in Dodging
   786 | D        | Reached XP level 12. HP: 122/122 MP: 7/17
   801 | D        | Got the +7 gold dragon scales "Qaedd" {+Fly rPois rF+ rC+
                  | MR++ Str+2 Dex-4}
   819 | D        | Got the ring of Jylyin {Ice Int+4 Slay+3}
   827 | D        | Entered arena 16.
   828 | D        | Noticed an orc warlord
   828 | D        | Noticed an orc high priest
   833 | D        | Reached skill level 15 in Shields
   834 | D        | Reached skill level 15 in Armour
   845 | D        | Killed an orc high priest
   846 | D        | Found a transporter.
   865 | D        | Killed an orc warlord
   865 | D        | Reached skill level 17 in Fighting
   878 | D        | Got the ring "Zurus" {rF+ Dex+4}
   949 | D        | Entered arena 17.
   951 | D        | Noticed a green very ugly thing
   951 | D        | Noticed a white very ugly thing
   952 | D        | Noticed a brown very ugly thing
   952 | D        | Noticed a white very ugly thing
   952 | D        | Noticed a queen ant
   952 | D        | Noticed an alligator
   952 | D        | a queen ant changed into an alligator
   953 | D        | an alligator changed into a wolf spider
   954 | D        | Noticed a great orb of eyes
   954 | D        | a wolf spider changed into a great orb of eyes
   956 | D        | Noticed a ghost moth
   956 | D        | a great orb of eyes changed into a ghost moth
   957 | D        | Identified the ring of Vidum {+Blink rC+ Int-2 Slay+4}
   958 | D        | Noticed a red very ugly thing
   961 | D        | Killed a green very ugly thing
   961 | D        | Reached skill level 10 in Evocations
   965 | D        | Killed a ghost moth
   971 | D        | Killed a cyan very ugly thing
   975 | D        | Gained mutation: You are agile. (Dex +2) [a shining eye]
   978 | D        | Killed a green very ugly thing
   978 | D        | Reached skill level 18 in Fighting
   984 | D        | Found a transporter.
   989 | D        | Killed a green very ugly thing
   989 | D        | Reached XP level 13. HP: 106/134 MP: 6/20
  1002 | D        | Killed a brown very ugly thing
  1067 | D        | Entered arena 18.
  1070 | D        | Noticed a lorocyproca
  1070 | D        | Noticed Viclirph the pandemonium lord
  1070 | D        | Noticed a reaper
  1070 | D        | Noticed a Tzitzimitl
  1070 | D        | Noticed Ikixuzy the pandemonium lord
  1071 | D        | Noticed Debyed the pandemonium lord
  1075 | D        | Reached skill level 19 in Fighting
  1076 | D        | Noticed an Ice Fiend
  1076 | D        | Reached XP level 14. HP: 28/146 MP: 6/22
  1077 | D        | HP: 7/146 [Ice Fiend[Viclirph] (4)]
  1079 | D        | Slain by Debyed the pandemonium lord

Skill      XL: |  1  2  3  4  5  6  7  8  9 10 11 12 13 |
---------------+----------------------------------------+-----
Stealth        | 4 |  4.8
Fighting       | 7 8 9 10 11 13 14 16 18 19 | 19.1
Dodging        | 6 7 8 9 10 12 13 15 17 | 17.8
Polearms       | 2 4 5 7 9 11 | 11.8
Armour         | 2 4 5 7 8 11 12 14 17 18 | 18.1
Shields        | 2 4 5 7 9 11 13 14 15 | 15.0
Invocations    | 2 4 5 7 |  7.2
Evocations     | 4 8 11 12 | 12.0
Axes           | |  3.6

Action                   |  1- 3 |  4- 6 |  7- 9 | 10-12 | 13-15 || total
-------------------------+-------+-------+-------+-------+-------++-------
Melee: Lance             |    10 |    24 |    98 |   110 |    13 ||   255
       Headbutt          |     4 |     9 |    41 |    51 |     5 ||   110
Invok: Slouch            |       |       |     1 |    11 |     3 ||    15
  Use: Potion            |       |       |       |     1 |     4 ||     5
  Eat: Chunk             |       |       |       |       |     1 ||     1
Armor: Gold dragon scale |     5 |    17 |    33 |    23 |     7 ||    85
Dodge: Dodged            |       |     2 |    28 |    39 |     7 ||    76
Block: Shield            |    20 |    47 |   149 |   165 |    23 ||   404
